 Dungeon Crawl Stone Soup version 0.26-a0-244-g083ca260ac (webtiles) character file.

Game seed: 9921454940587759645

5387 DDDD the Basher (level 10, -2/135 HPs)
             Began as a Minotaur Berserker on July 8, 2020.
             Was a High Priest of Trog.
             Slain by a two-headed ogre
             ... wielding a +0 giant spiked club
              (8 damage)
             ... on level 9 of the Dungeon.
             The game lasted 00:26:09 (8577 turns).

DDDD the Basher (Minotaur Berserker)                Turns: 8577, Time: 00:26:10

Health: -2/135     AC: 21    Str: 25    XL:     10   Next: 39%
Magic:  9/9        EV:  9    Int:  8    God:    Trog [*****.]
Gold:   142        SH:  0    Dex: 10    Spells: 9/9 levels left

rFire    + . .     SeeInvis .   M - +5 dagger of the Land of Plenty {drain, rElec Int+4}
rCold    x . .     Faith    .   (no shield)
rNeg     . . .     Spirit   .   H - +2 plate armour {rPois}
rPois    +         Reflect  .   (helmet restricted)
rElec    +         Harm     .   Q - +1 cloak {rCorr}
rCorr    +                      t - +1 pair of gloves
MR       +....                  j - +0 pair of boots
Stlth    ..........             (no amulet)
HPRegen  0.32/turn              p - ring of fire
MPRegen  0.11/turn              J - ring of protection from magic

@: berserking, very quick
A: retaliatory headbutt, horns 2
a: Berserk, Trog's Hand, Brothers in Arms, Renounce Religion


You were on level 9 of the Dungeon.
You worshipped Trog.
Trog was extremely pleased with you.
You were full.

You visited 1 branch of the dungeon, and saw 9 of its levels.
You also visited: Ossuary.

You collected 356 gold pieces.
You spent 214 gold pieces at shops.

Inventory:

Hand Weapons
 y - a +2 dagger of venom
 A - a +4 dire flail of holy wrath
 M - the +5 dagger of the Land of Plenty (weapon) {drain, rElec Int+4}
   (You found it on level 7 of the Dungeon)

   A truly terrible weapon, it drains the life of those it strikes.
   It affects your intelligence (+4).
   It insulates you from electricity.
Missiles
 r - 3 curare-tipped darts (quivered)
 s - 63 poisoned darts
Armour
 j - a +0 pair of boots (worn)
 t - a +1 pair of gloves (worn)
 H - a +2 plate armour of poison resistance (worn)
 Q - a +1 cloak of preservation (worn)
Jewellery
 p - a ring of fire (left hand)
 J - a ring of protection from magic (right hand)
 L - an uncursed ring of poison resistance
Wands
 k - a wand of random effects (29)
 z - a wand of flame (19)
 K - a wand of polymorph (6)
 P - a wand of acid (6)
Scrolls
 b - 5 scrolls of remove curse
 d - 3 scrolls of fear
 e - 3 scrolls of enchant armour
 g - 2 scrolls of identify
 h - a scroll of amnesia
 l - a scroll of blinking
 o - 9 scrolls of teleportation
 x - 2 scrolls of noise
 B - 4 scrolls of magic mapping
 O - a scroll of vulnerability {unknown}
Potions
 a - a potion of magic {unknown}
 f - a potion of invisibility {unknown}
 i - 4 potions of heal wounds {unknown}
 m - 4 potions of flight {unknown}
 n - 5 potions of curing
 q - 2 potions of berserk rage {unknown}
 u - 2 potions of resistance {unknown}
 w - a potion of degeneration {unknown}
 C - 2 potions of haste {unknown}
 D - 3 potions of ambrosia {unknown}
 E - 2 potions of brilliance {unknown}
 F - 3 potions of mutation {unknown}
 G - 2 potions of stabbing {unknown}
 I - 3 potions of might {unknown}
 N - a potion of lignification {unknown}
Comestibles
 c - 11 rations


   Skills:
 + Level 8.8 Fighting
 + Level 2.7(5.2) Short Blades
   Level 7.7(8.0) Long Blades
 + Level 11.4 Maces & Flails
 + Level 7.9 Armour
 + Level 4.9 Dodging
 + Level 1.7 Stealth


You had 9 spell levels left.
You didn't know any spells.
Your spell library was empty.

Dungeon Overview and Level Annotations

Branches:
Dungeon (9/15)             Temple (0/1) D:5         Ossuary (visited)
   Lair: D:8-11         Orc: D:9-12

Altars:
Cheibriados
Dithmenos
Elyvilon
Hepliaklqana
Qazlal
Xom
The Shining One

Shops:
D:5 [   D:8 [


Innate Abilities, Weirdness & Mutations

You reflexively headbutt those who attack you in melee.
You have a pair of horns on your head.


Message History

The two-headed ogre is severely wounded.
The two-headed ogre barely misses you.
The two-headed ogre hits you with a +0 giant spiked club!
You hit the two-headed ogre but do no damage.
You drain the two-headed ogre.
You headbutt the two-headed ogre, but do no damage.
The two-headed ogre is almost dead.
You hit the two-headed ogre.
The two-headed ogre is almost dead.
The two-headed ogre hits you with a +0 giant spiked club!!
* * * LOW HITPOINT WARNING * * *
The two-headed ogre hits you with a +0 giant spiked club.
* * * LOW HITPOINT WARNING * * *
Okay, then.
A red film seems to cover your vision as you go berserk!
You feel yourself moving faster!
You feel mighty!
The two-headed ogre hits you with a +0 giant spiked club!
* * * LOW HITPOINT WARNING * * *
The two-headed ogre hits you with a +0 giant spiked club!
You die...

#......
#.....
#..... ....
... ##.#
##.O####
#..@...#####
#..........#
#......###..
#......#
#......#
#......#
#<.....#
########


You could see a two-headed ogre (drained).

Vanquished Creatures
  2 hippogriffs
  A yak (D:7)
  A human (D:7)
  3 hogs (D:7)
  3 orc warriors
  An ice beast (D:8)
  2 sky beasts
  4 phantoms
  5 ogres
  3 centaurs
  A crocodile (D:7)
  7 bullfrogs
  A water moccasin zombie (Ossuary)
  A water moccasin skeleton (D:5)
  4 scorpions
  10 wights (D:7)
  2 howler monkeys
  4 bullfrog zombies (Ossuary)
  2 orc priests
  4 centaur zombies (Ossuary)
  2 hounds
  A jelly (D:6)
  A gnoll shaman (D:7)
  4 iguanas
  5 orc wizards
  5 worker ants
  A killer bee zombie (Ossuary)
  A hound skeleton (D:8)
  15 mummies (Ossuary)
  2 howler monkey zombies (Ossuary)
  4 gnolls (D:8)
  2 worker ant zombies (Ossuary)
  9 adders
  2 white imps (D:6)
  An ufetubus (D:7)
  2 adder zombies (Ossuary)
  3 worms
  4 leopard geckos
  18 orcs
  8 giant cockroaches
  8 goblins
  3 hobgoblins
  12 jackals
  4 quokkas
  3 ball pythons
  7 bats
  A giant cockroach zombie (Ossuary)
  2 jackal zombies (Ossuary)
  12 kobolds
  A leopard gecko skeleton (D:7)
  A leopard gecko zombie (Ossuary)
  A quokka skeleton (D:4)
  2 quokka zombies (Ossuary)
  6 rats
  2 bushes (D:2)
  A withered plant (Ossuary)
217 creatures vanquished.

Vanquished Creatures (collateral kills)
  A sky beast (D:7)
  A centaur (D:7)
2 creatures vanquished.

Vanquished Creatures (others)
  An ogre (D:5)
  A withered plant (Ossuary)
2 creatures vanquished.

Grand Total: 221 creatures vanquished

Notes
Turn   | Place    | Note
-------+----------+-------------------------------------------
     0 | D:1      | DDDD the Minotaur Berserker began the quest for the Orb.
     0 | D:1      | Reached XP level 1. HP: 19/19 MP: 0/0
    72 | D:1      | Found a snail-covered altar of Cheibriados.
   101 | D:1      | Reached XP level 2. HP: 3/27 MP: 1/1
  1124 | D:1      | You fall into a shaft and drop 1 floor!
  1171 | D:2      | Reached XP level 3. HP: 33/33 MP: 2/2
  1179 | D:2      | Reached ** piety under Trog
  1762 | D:2      | Found a hazy altar of Hepliaklqana.
  2714 | D:3      | Found a glowing golden altar of the Shining One.
  2753 | D:3      | Reached XP level 4. HP: 41/41 MP: 3/3
  3147 | D:4      | Noticed an ogre
  3154 | D:4      | Killed an ogre
  3154 | D:4      | Reached skill level 5 in Long Blades
  3154 | D:4      | Reached XP level 5. HP: 30/47 MP: 4/4
  3411 | D:4      | Found a stormy altar of Qazlal.
  3612 | D:4      | Noticed a phantom
  3623 | D:4      | Killed a phantom
  3623 | D:4      | Reached XP level 6. HP: 53/53 MP: 5/5
  3668 | D:4      | Reached *** piety under Trog
  3879 | D:4      | Reached skill level 5 in Fighting
  3879 | D:4      | Reached skill level 1 in Stealth
  4087 | D:5      | Entered Level 5 of the Dungeon
  4110 | D:5      | Reached skill level 5 in Armour
  4110 | D:5      | Reached XP level 7. HP: 60/61 MP: 6/6
  4122 | D:5      | Found Piczeatadgh's Armour Shoppe.
  4291 | D:5      | Reached skill level 1 in Short Blades
  4341 | D:5      | Found a sand-covered staircase.
  4346 | Ossuary  | Entered an ossuary
  4387 | Ossuary  | Reached skill level 1 in Maces & Flails
  4387 | Ossuary  | Reached XP level 8. HP: 19/70 MP: 7/7
  4724 | Ossuary  | Reached **** piety under Trog
  4747 | Ossuary  | Reached skill level 2 in Maces & Flails
  4785 | Ossuary  | Reached skill level 3 in Maces & Flails
  4820 | Ossuary  | Reached skill level 4 in Maces & Flails
  5013 | D:5      | Found a staircase to the Ecumenical Temple.
  5204 | D:5      | Reached skill level 5 in Maces & Flails
  5562 | D:6      | Reached skill level 6 in Maces & Flails
  5650 | D:6      | Reached XP level 9. HP: 79/79 MP: 8/8
  5867 | D:6      | Reached skill level 7 in Maces & Flails
  6333 | D:7      | Reached skill level 8 in Maces & Flails
  6485 | D:7      | Found a shimmering altar of Xom.
  6485 | D:7      | Found a white marble altar of Elyvilon.
  6552 | D:7      | Reached skill level 9 in Maces & Flails
  6584 | D:7      | Reached skill level 10 in Maces & Flails
  6585 | D:7      | Reached ***** piety under Trog
  6881 | D:7      | Reached XP level 10. HP: 82/88 MP: 9/9
  7316 | D:7      | Reached skill level 11 in Maces & Flails
  7326 | D:7      | Got an ichor-stained dagger
  7327 | D:7      | Identified the +5 dagger of the Land of Plenty {drain,
                  | rElec Int+4} (You found it on level 7 of the Dungeon)
  7700 | D:8      | Found a shadowy altar of Dithmenos.
  8218 | D:8      | Found Dehet's Armour Boutique.
  8228 | D:8      | Bought a +1 cloak of preservation for 214 gold pieces
  8565 | D:9      | Noticed a two-headed ogre
  8577 | D:9      | HP: 6/135 [two-headed ogre/+0 giant spiked club (8)]
  8577 | D:9      | Slain by a two-headed ogre

Illustrated notes

Levels and vault maps discovered:
D:1:      evilmike_arrival_rings, layout_basic, cheibriados_altar_1
D:2:      layout_loops_corners, lemuel_coloured_pillars_altar, serial_forest,
          infiniplex_forest_clump_long, infiniplex_forest_end_3,
          infiniplex_forest_clump_double, infiniplex_forest_straight_2,
          infiniplex_forest_clump_curved, infiniplex_forest_clump_double,
          infiniplex_forest_clump_diagonal
D:3:      layout_basic, nicolae_overflow_crystal_walls, first_ration,
          minmay_misc_feat_enclosed
D:4:      layout_loops_ring, grunt_qazlal_clouds, grunt_ministairs_11
D:5:      layout_loops_ring, minmay_temple_entry_junction_2, serial_shops,
          shop_fountains, enter_ossuary_5, st_stairs_1, minmay_checkerbox
D:6:      layout_basic
D:7:      layout_cave_pods, gammafunk_temple_overflow_elements, grunt_livestock,
          minmay_joined_circles
D:8:      layout_loops_ring, serial_shops, shop, basic_altar
D:9:      layout_roguey, overflow_temple_1_default, lemuel_statue_altar

Skill      XL: |  1  2  3  4  5  6  7  8  9 10 |
---------------+-------------------------------+-----
Fighting       | 4 5 7 8 |  8.8
Long Blades    | 4 5 6 7 |  7.7
Dodging        | 3 4 |  4.9
Armour         | 3 4 5 6 7 |  7.9
Stealth        | 1 |  1.7
Short Blades   | 1 2 |  2.7
Maces & Flails | 1 6 10 11 | 11.4

Action                   |  1- 3 |  4- 6 |  7- 9 | 10-12 || total
-------------------------+-------+-------+-------+-------++-------
Melee: Falchion          |   207 |    88 |     8 |       ||   303
       Headbutt          |    53 |    27 |    51 |    23 ||   154
       Dagger            |       |       |    28 |    68 ||    96
       Dire flail        |       |       |   208 |    30 ||   238
Invok: Berserk           |     3 |     1 |     5 |     2 ||    11
       Brothers in Arms  |       |       |       |     1 ||     1
  Use: Scroll            |       |       |    12 |     2 ||    14
  Eat: Ration            |     2 |     1 |     4 |     1 ||     8
Armor: Animal skin       |     8 |       |       |       ||     8
       Scale mail        |    40 |    28 |    45 |       ||   113
       Plate armour      |       |       |    65 |    57 ||   122
Dodge: Dodged            |    83 |    44 |   116 |    39 ||   282
       Rpst.: Falchion   |    15 |    17 |       |       ||    32

Table legend:
 A = Non-vault XP
 B = Vault XP
 C = Vault XP percentage of total XP
 D = Non-vault monster count
 E = Vault monster count
 F = Vault count percentage of total count
                 A         B        C        D         E       F
            +---------+---------+-------+---------+---------+-------
      Total |    4961 |    2736 |  35.5 |     161 |      56 |  25.8
            +---------+---------+-------+---------+---------+-------
        D:1 |      40 |       0 |   0.0 |      25 |       0 |   0.0
        D:2 |      30 |       0 |   0.0 |      12 |       0 |   0.0
        D:3 |      47 |       0 |   0.0 |      18 |       0 |   0.0
        D:4 |     591 |       0 |   0.0 |      24 |       0 |   0.0
        D:5 |     806 |      72 |   8.2 |      16 |       2 |  11.1
        D:6 |     764 |       0 |   0.0 |      20 |       0 |   0.0
        D:7 |    1452 |    1787 |  55.2 |      24 |      17 |  41.5
        D:8 |    1231 |       0 |   0.0 |      22 |       0 |   0.0
    Ossuary |       0 |     877 | 100.0 |       0 |      37 | 100.0
            +---------+---------+-------+---------+---------+-------
